Map: Dusk Towers

Players

LilDicky - Winner!

  • Race: Terran Terran
  • League: Diamond

Nerazim

  • Race: Protoss Protoss
  • League: Platinum

VOD

http://www.twitch.tv/tumescentpie

Description

Time

  • Played on: Dec. 3, 2015, 10:10 a.m.
  • Length: 10:11
Show
View Real Time Build Order
Export as new Build Order

LilDicky Terran - Winner!

Build Orders: MMM Bio 

Get SALT Encoding   

  12  0:02  SCV  
  13  0:18  SCV  
  14  0:21  Supply Depot  
  14  0:30  SCV  
  14  0:32  Refinery  
  15  0:43  SCV  
  15  0:47  Barracks  
  16  0:55  SCV  
  17  1:07  SCV  
  18  1:19  SCV  
  19  1:35  Supply Depot, Factory  
  19  1:36  Marine  
  19  1:37  Orbital Command  
  20  1:54  Marine  
  21  2:04  Barracks  
  21  2:08  Barracks  
  21  2:10  SCV  
  22  2:16  Refinery  
  22  2:24  SCV, Barracks Reactor  
  23  2:30  Supply Depot  
  23  2:34  Widow Mine  
  23  2:36  SCV  
  26  2:48  SCV  
  26  2:51  Barracks Tech Lab  
  27  2:56  Barracks Tech Lab  
  26  3:19  Barracks Reactor  
  26  3:21  Combat Shields  
  26  3:22  Stimpack  
  26  3:23  Marine x2  
  28  3:31  Barracks Reactor  
  28  3:33  SCV  
  27  3:41  Marine  
  27  3:43  Marauder  
  27  3:45  SCV  
  31  3:58  SCV  
  31  3:59  Starport, Marauder  
  31  4:00  Supply Depot  
  34  4:03  Widow Mine  
  34  4:06  Marauder  
  34  4:07  Marine  
  39  4:11  Supply Depot  
  39  4:14  Marine  
  40  4:21  Marauder  
  40  4:23  Supply Depot  
  42  4:25  Marine  
  42  4:27  Marauder  
  45  4:37  SCV  
  46  4:41  Medivac  
  46  4:42  Marauder  
  50  4:45  Supply Depot  
  50  4:53  Marauder  
  50  4:55  Marine x2  
  54  5:04  Marauder  
  56  5:12  Marine  
  55  5:14  Marauder, Medivac  
  59  5:22  Marine  
  59  5:24  Concussive Shells  
  59  5:25  Marauder  
  62  5:30  Marine  
  63  5:36  Marauder  
  63  5:40  Marine  
  59  5:54  Marauder, Marine  
  62  5:57  Marine, Marauder  
  65  6:10  Medivac  
  67  6:14  Supply Depot, Marine  
  67  6:16  Marauder  
  70  6:34  Marine  
  70  6:35  Marauder, Marine  
  70  6:37  Marauder  
  70  6:39  Supply Depot  
  76  6:57  Marauder  
  78  7:06  Marine  
  78  7:07  Marauder  
  81  7:18  Marauder  
  65  7:30  Marine x2  
  61  7:50  Medivac  
  61  7:51  Marine x2  
  64  7:52  Marauder x2  
  69  8:00  SCV  
  69  8:02  Command Center  
  70  8:09  Marine x2  
  63  8:32  Marine x4  
  60  8:49  Marine  
  60  8:50  Marine  
  60  8:57  Marine x2  
  62  9:07  Marine  
  62  9:08  Marine  
  64  9:14  Marine  
  57  9:17  Marine  
  58  9:25  Marine  
  58  9:26  Marine  
  60  9:32  Marine, Orbital Command  
Show
View Real Time Build Order
Export as new Build Order

Nerazim Protoss 

Build Orders:  

Get SALT Encoding   

  12  0:01  Probe (Chrono Boost)  
  13  0:13  Pylon  
  13  0:17  Probe (Chrono Boost)  
  14  0:28  Probe (Chrono Boost)  
  15  0:33  Gateway  
  15  0:39  Probe (Chrono Boost)  
  16  0:43  Assimilator  
  16  0:49  Probe (Chrono Boost)  
  17  0:57  Assimilator  
  17  1:00  Probe (Chrono Boost)  
  18  1:10  Probe (Chrono Boost)  
  19  1:16  Pylon  
  19  1:21  Probe (Chrono Boost)  
  19  1:23  Cybernetics Core  
  20  1:31  Probe (Chrono Boost)  
  21  1:33  Zealot  
  23  1:42  Probe (Chrono Boost)  
  25  1:54  Probe (Chrono Boost)  
  25  1:59  Warp Gate (Chrono Boost)  
  25  2:01  Adept  
  27  2:13  Gateway x2  
  27  2:19  Mothership Core (Chrono Boost)  
  29  2:38  Robotics Facility  
  29  2:42  Adept  
  31  3:00  Pylon  
  31  3:08  Probe  
  30  3:33  Observer (Chrono Boost)  
  29  3:42  Probe  
  29  3:45  Pylon  
  30  3:56  Warp Prism (Chrono Boost)  
  30  3:57  Probe  
  30  4:00  Gateway  
  33  4:04  Adept x2  
  33  4:05  Adept  
  39  4:15  Probe  
  40  4:42  Pylon  
  40  4:43  Pylon  
  40  4:50  Observer (Chrono Boost)  
  39  5:17  Nexus  
  39  5:26  Adept x4  
  47  5:48  Probe  
  34  5:51  Immortal (Chrono Boost)  
  34  5:59  Gateway  
  34  6:00  Probe  
  34  6:03  Gateway  
  34  6:08  Sentry  
  34  6:09  Sentry  
  38  6:22  Pylon  
  38  6:24  Adept x2  
  46  6:40  Immortal (Chrono Boost)  
  46  6:41  Sentry x2  
  46  7:03  Sentry  
  48  7:21  Zealot x2  
  48  7:22  Zealot  
  40  7:30  Probe  
  40  7:32  Immortal (Chrono Boost)  
  44  7:42  Probe  
  41  7:48  Stalker x3  
  41  7:50  Sentry  
  49  7:52  Probe  
  49  7:54  Probe  
  51  8:07  Pylon  
  51  8:15  Sentry x2  
  51  8:16  Sentry  
  39  8:32  Zealot x2  
  39  8:33  Zealot x3  
  33  9:00  Adept x3  
  33  9:01  Adept x2  
  41  9:20  Nexus  
  41  9:26  Sentry x2  
  45  9:39  Sentry x2  
  45  9:40  Sentry  
  41  9:55  Adept  
Tags
 
Add a new tag
Caveats
  • Supply blocks, unpowered buildings, or Contaminate may cause inaccurate times.
  • Supply counts are checked every 10 seconds.